AoeStats
← Wolfgang

Coastal Forest

510330328Analyzed
4v4 RM · 3d ago on Sep 30, 2026· 48m 52s· 8 players
Game mode
Random Map
Map size
Large (8 player)
Population
200
Speed
Normal
Resources
Standard
Victory
Conquest
Starting age
Dark Age
Ending age
Imperial Age
RankedLock teamsTeams togetherTeam positionsShared explorationLock speedFull tech treeHidden civsTurbo modeCheats
Victory
Defeat
🇭🇰 Persians · Hong Kong SAR China
1397
+14
🇭🇰 Magyars · Hong Kong SAR China
1374
+15
🇨🇳 Maya · China
1355
+16
🇩🇪 Saxons · Germany
1338
+17
🇫🇷 Mongols · France
1391
-16
🇸🇪 Persians · Sweden
1385
-17
🇦🇺 Khitans · Australia
1331
-15
🇦🇺 Ethiopians · Australia
1317
-14
黑石塔
0:28 Loom
9:54 Feudal Age
10:32 Double-Bit Axe
11:42 Wheelbarrow
13:52 Horse Collar
15:30 Fletching
15:43 Padded Archer Armor
18:39 Castle Age
18:50 Crossbowman
19:29 Bodkin Arrow
26:23 Ballistics
28:18 Leather Archer Armor
37:20 Imperial Age
35:07 Hand Cart
35:41 Gold Mining
35:41 Stone Mining
36:08 Bow Saw
36:01 Heavy Plow
37:58 Thumb Ring
37:24 Arbalester
38:21 Bracer
38:51 Ring Archer Armor
39:24 Chemistry
40:42 Guard Tower
40:33 Treadmill Crane
41:03 Masonry
41:49 Caravan
43:13 Keep
42:45 Town Watch
45:59 Stone Shaft Mining
46:30 Two-Man Saw
47:06 Architecture
46:33 Murder Holes
48:52 Crop Rotation
LinG寶寶
12:35 Feudal Age
13:23 Double-Bit Axe
14:54 Fletching
14:48 Horse Collar
17:31 Castle Age
18:26 Bodkin Arrow
18:45 Medium Warships
18:59 Bow Saw
19:16 Loom
23:45 Wheelbarrow
24:20 Husbandry
26:59 Hand Cart
27:23 Bloodlines
27:29 Town Watch
29:24 Gold Mining
31:03 Gold Shaft Mining
30:36 Scale Barding Armor
33:14 Imperial Age
32:07 Chain Barding Armor
32:24 Murder Holes
32:10 Treadmill Crane
32:40 Masonry
33:20 Cavalier
34:56 Plate Barding Armor
35:05 Onager
43:31 Caravan
47:01 Paladin
48:23 Conscription
屌炸天
10:36 Feudal Age
11:16 Double-Bit Axe
14:31 Horse Collar
17:14 Castle Age
17:58 Bow Saw
17:48 Loom
20:31 Husbandry
20:26 Gold Mining
27:40 Heavy Plow
30:24 Scale Barding Armor
30:29 Forging
30:44 Bloodlines
31:33 Wheelbarrow
33:16 Chain Barding Armor
38:32 Iron Casting
43:37 Imperial Age
41:50 Caravan
44:33 Plate Barding Armor
43:20 Cavalier
46:23 Blast Furnace
48:05 Light Cavalry
[VYRE] Vantage
3:40 Loom
6:57 Loom
9:13 Feudal Age
10:30 Double-Bit Axe
16:16 Town Watch
18:17 Fletching
19:22 Wheelbarrow
27:57 Castle Age
29:27 Hand Cart
35:06 Town Patrol
37:40 Guard Tower
38:14 Bow Saw
39:09 Ballistics
43:39 Masonry
46:44 Treadmill Crane
JOK3R_LSR
6:23 Loom
8:22 Feudal Age
10:15 Fletching
23:26 Castle Age
23:24 Padded Archer Armor
23:08 Horse Collar
23:19 Gold Mining
24:14 Bodkin Arrow
25:28 Crossbowman
30:03 Double-Bit Axe
32:37 Thumb Ring
34:49 Ballistics
36:47 Wheelbarrow
36:48 Heavy Plow
38:16 Hand Cart
42:14 Imperial Age
39:59 Stone Mining
45:30 Imperial Age
46:20 Bracer
46:11 Arbalester
49:50 Chemistry
49:30 Leather Archer Armor
Itsalright7
6:17 Loom
9:15 Feudal Age
16:09 Scale Barding Armor
17:00 Bloodlines
18:56 Double-Bit Axe
22:42 Castle Age
21:42 Forging
21:31 Gold Mining
21:23 Horse Collar
22:33 Light Cavalry
23:14 Husbandry
23:35 Chain Barding Armor
34:54 Fletching
36:55 Bow Saw
37:10 Heavy Plow
37:59 Iron Casting
37:12 Town Watch
41:57 Murder Holes
41:59 Bodkin Arrow
43:58 Wheelbarrow
44:31 Guard Tower
Sandy Cohen
7:34 Loom
12:11 Feudal Age
12:33 Domestication
14:17 Man-at-Arms
15:39 Arson
17:55 Forging
17:45 Scale Mail Armor
17:59 Scale Mail Armor
25:01 Double-Bit Axe
31:15 Castle Age
30:02 Gold Mining
32:25 Chain Mail Armor
32:46 Iron Casting
31:34 Long Swordsman
31:59 Gambesons
32:15 Squires
33:12 Bow Saw
45:37 Fortified Wall
Wolfgang
14:47 Feudal Age
22:46 Castle Age
20:35 Loom
24:17 Medium Warships
23:59 Fletching
24:09 Padded Archer Armor
24:14 Horse Collar
27:48 Wheelbarrow
28:37 Town Watch
29:30 Bodkin Arrow
30:36 Heavy Plow
36:32 Imperial Age
35:47 Leather Archer Armor
36:52 Thumb Ring
36:07 Crossbowman
37:18 Bracer
37:48 Ring Archer Armor
38:59 Arbalester
43:01 Chemistry
42:21 Ballistics
43:31 Light Cavalry
44:12 Husbandry
46:16 Scale Barding Armor
46:22 Forging
Connection lost

Rejoining the realm…

Still unreachable

The connection could not be restored.

Session expired

The server has moved on; the page needs a fresh start.